AoeStats
← Blyad _Mann

Black Forest

508617312Analyzed
4v4 RM · 9d ago on Sep 23, 2026· 51m 36s· 8 players
Game mode
Random Map
Map size
Large (8 player)
Population
200
Speed
Normal
Resources
Standard
Victory
Conquest
Starting age
Dark Age
Ending age
Imperial Age
RankedLock teamsTeams togetherTeam positionsShared explorationLock speedFull tech treeHidden civsTurbo modeCheats
Victory
Defeat
🇮🇳 Saxons · India
1137
+12
🇲🇾 Goths · Malaysia
1033
+16
🇪🇸 Mongols · Spain
1009
+17
🇨🇳 Khmer · China
986
+18
🇬🇧 Mongols · United Kingdom
1090
-19
🇪🇸 Franks · Spain
1036
-16
🇮🇹 Mongols · Italy
1000
-14
🇳🇱 Danes · Netherlands
993
-14
CalaveraDelCid
0:41 Loom
10:34 Feudal Age
12:07 Double-Bit Axe
15:30 Town Watch
18:39 Castle Age
30:33 Padded Archer Armor
30:29 Fletching
38:40 Bow Saw
41:32 Forging
Blyad _Mann
0:27 Loom
12:25 Feudal Age
13:31 Double-Bit Axe
18:20 Castle Age
16:35 Fishing Lines
18:37 Stone Mining
18:39 Gold Mining
20:23 Gillnets
25:56 Bow Saw
27:51 Wheelbarrow
31:44 Imperial Age
29:31 Forging
29:21 Scale Mail Armor
29:30 Scale Mail Armor
31:00 Caravan
31:30 Squires
30:51 Pikeman
31:17 Arson
31:54 Chain Mail Armor
32:15 Iron Casting
31:23 Horse Collar
32:21 Hand Cart
33:23 Conscription
34:01 Elite Varangian Guard
34:49 Gambesons
36:07 Blast Furnace
35:37 Plate Mail Armor
36:59 Hamask
39:05 Plate Mail Armor
39:54 Onager
42:28 Siege Onager
44:40 Siege Engineers
45:36 Chemistry
44:57 Ballistics
47:59 Northmen's Fury
48:39 Fletching
devolvedreint
0:30 Loom
12:56 Feudal Age
16:48 Castle Age
15:38 Double-Bit Axe
15:57 Gold Mining
17:31 Fishing Lines
19:57 Wheelbarrow
20:03 Gillnets
21:05 Hand Cart
24:06 Bow Saw
23:39 Horse Collar
28:51 Imperial Age
26:46 Padded Archer Armor
26:54 Scale Barding Armor
27:40 Heavy Plow
28:51 Gold Shaft Mining
28:30 Fletching
29:33 Bodkin Arrow
33:01 Conscription
33:43 Ballistics
34:20 Bracer
34:42 Chain Barding Armor
34:24 Husbandry
34:35 Bloodlines
35:29 Leather Archer Armor
37:53 Elite Mangudai
41:03 Light Cavalry
43:24 Chemistry
Francescosti
12:02 Feudal Age
11:02 Loom
13:47 Double-Bit Axe
16:21 Castle Age
15:27 Gold Mining
15:42 Horse Collar
23:02 Fletching
23:12 Padded Archer Armor
24:30 Town Watch
30:56 Heavy Plow
32:09 Wheelbarrow
33:05 Bodkin Arrow
33:25 Leather Archer Armor
36:42 Imperial Age
35:03 Hand Cart
35:21 Bloodlines
35:12 Husbandry
38:42 Forging
38:37 Scale Barding Armor
38:03 Cavalier
40:56 Bracer
Butcher
1:47 Loom
11:40 Feudal Age
16:44 Castle Age
14:41 Double-Bit Axe
15:37 Stone Mining
15:44 Fletching
23:10 Bodkin Arrow
23:57 Bow Saw
25:31 Horse Collar
28:02 Ballistics
28:52 Padded Archer Armor
30:11 Heavy Plow
31:42 Wheelbarrow
34:20 Imperial Age
32:33 Scale Mail Armor
32:44 Forging
33:57 Hand Cart
34:21 Gold Mining
34:44 Shield Wall
35:45 Conscription
36:46 Two-Man Saw
36:17 Chain Mail Armor
36:38 Iron Casting
36:12 Elite Hearth Troop
37:25 Bracer
37:41 Leather Archer Armor
37:19 Arson
37:35 Squires
37:22 Gambesons
38:48 Plate Mail Armor
38:43 Town Watch
40:20 Crop Rotation
41:31 Ring Archer Armor
41:38 Gold Shaft Mining
43:57 Scale Barding Armor
45:23 Husbandry
45:34 Bloodlines
44:45 Light Cavalry
46:31 Hussar
48:01 Chain Barding Armor
Arvolen
0:32 Loom
11:42 Feudal Age
17:01 Castle Age
16:38 Wheelbarrow
15:53 Double-Bit Axe
15:49 Horse Collar
18:15 Bow Saw
17:57 Man-at-Arms
22:25 Long Swordsman
23:58 Gold Mining
24:58 Forging
24:53 Scale Barding Armor
26:07 Squires
27:10 Stone Mining
28:30 Iron Casting
28:00 Scale Barding Armor
27:57 Scale Mail Armor
33:30 Imperial Age
31:21 Hand Cart
30:54 Town Watch
31:13 Heavy Plow
31:54 Chain Mail Armor
32:23 Pikeman
33:52 Two-Handed Swordsman
33:53 Halberdier
34:41 Champion
35:34 Scale Barding Armor
38:46 Blast Furnace
President of USA
2:38 Loom
13:06 Feudal Age
16:34 Castle Age
14:37 Double-Bit Axe
14:57 Horse Collar
17:51 Bow Saw
18:03 Heavy Plow
19:37 Wheelbarrow
27:50 Imperial Age
26:56 Husbandry
27:07 Bloodlines
28:01 Scale Barding Armor
28:17 Gold Mining
29:28 Chain Barding Armor
28:59 Fletching
29:14 Stone Mining
30:05 Town Watch
30:59 Plate Barding Armor
30:52 Conscription
31:42 Gold Shaft Mining
32:13 Chemistry
31:28 Forging
31:13 Bodkin Arrow
32:22 Ballistics
32:26 Hand Cart
32:34 Elite Ballista Elephant
34:31 Siege Engineers
35:05 Iron Casting
37:02 Blast Furnace
36:03 Bracer
36:11 Double Crossbow
36:12 Tusk Swords
36:46 Elite Battle Elephant
39:24 Fortified Wall
39:09 Murder Holes
39:25 Masonry
40:39 Crop Rotation
41:55 Town Patrol
OvertChunk95
12:54 Feudal Age
17:57 Castle Age
15:52 Loom
16:43 Wheelbarrow
16:08 Double-Bit Axe
16:50 Horse Collar
20:46 Bow Saw
22:52 Heavy Plow
31:56 Imperial Age
31:04 Hand Cart
31:58 Gold Mining
32:02 Stone Mining
32:36 Town Watch
33:33 Conscription
33:23 Husbandry
33:34 Bloodlines
32:50 Capped Ram
34:15 Fletching
34:26 Padded Archer Armor
34:59 Parthian Tactics
34:40 Thumb Ring
35:11 Ballistics
35:51 Chemistry
35:49 Bodkin Arrow
36:32 Bracer
37:02 Drill
37:43 Leather Archer Armor
42:08 Chemistry
41:43 Elite Mangudai
46:23 Siege Ram
Connection lost

Rejoining the realm…

Still unreachable

The connection could not be restored.

Session expired

The server has moved on; the page needs a fresh start.